 Dungeon Crawl Stone Soup version 0.29-a0-1047-g7c58e119a4 (webtiles) character file.

Game seed: 8811689840260811684

504 ytrimaz the Insei (level 6, 0/44 HPs)
             Began as a Demonspawn Transmuter on Aug 17, 2022.
             Slain by a wolf (2 damage)
             ... led by Grum
             ... on level 8 of the Dungeon.
             The game lasted 00:05:21 (4357 turns).

ytrimaz the Insei (Demonspawn Transmuter)           Turns: 4357, Time: 00:05:22

Health: 0/44       AC:  2    Str: 10    XL:     6   Next: 96%
Magic:  7/9        EV: 14    Int: 16    God:
Gold:   202        SH:  0    Dex: 17    Spells: 3/9 levels left

rFire   . . .      SeeInvis .     - Unarmed
rCold   + . .      Faith    .   (no shield)
rNeg    . . .      Spirit   .   a - +0 robe
rPois   .          Reflect  .   (helmet currently unavailable)
rElec   +          Harm     .   (no cloak)
rCorr   .          Rampage  .   (no gloves)
Will    .....                   (boots currently unavailable)
Stlth   +++.......              n - amulet of regeneration
HPRegen 0.94/turn               m - ring "Jorytz" {rElec rC+ Dex+3 Stlth+}
MPRegen 0.11/turn               (no ring)

@: appendages (expiring)
A: talons 2, horns 2, ignite blood 1, powered by pain 1
a: End Transformation


You were on level 8 of the Dungeon.
You had temporarily grown beastly talons.
You visited 1 branch of the dungeon, and saw 6 of its levels.
You also visited: Bailey.

You collected 202 gold pieces.

Inventory:

Armour
 a - a +0 robe (worn)
Jewellery
 g - an amulet of magic regeneration
 m - the ring "Jorytz" (left hand) {rElec rC+ Dex+3 Stlth+}
   (You acquired it on level 4 of the Dungeon)

   [ring of protection from cold]

   Dex:       It affects your dexterity (+3).
   rC:        It protects you from cold.
   rElec:     It insulates you from electricity.
   Stlth:     It makes you more stealthy.
 n - an amulet of regeneration (around neck)
Potions
 b - 2 potions of lignification
 c - a potion of flight {unknown}
 d - 2 potions of haste {unknown}
 e - a potion of berserk rage
 f - 2 potions of brilliance {unknown}
 h - a potion of ambrosia {unknown}
 i - 3 potions of attraction
 j - a potion of heal wounds
 k - 3 potions of curing {unknown}
 l - 2 potions of degeneration {unknown}


   Skills:
 + Level 2.2 Fighting
 + Level 4.0 Dodging
 + Level 5.9 Unarmed Combat
 - Level 2.0 Spellcasting
 - Level 1.7 Transmutations


You had 3 spell levels left.
You knew the following spells:

 Your Spells              Type           Power      Damage    Failure   Level
a - Beastly Appendage     Tmut           14%        N/A       10%         1
b - Wereblood             Tmut           7%         N/A       16%         2
c - Spider Form           Tmut/Pois      4%         N/A       41%         3

Your spell library contained the following spells:

 Spells                   Type           Power      Damage    Failure   Level
 Tukima's Dance           Hex            1%         N/A       52%         3
 Ice Form                 Ice/Tmut       4%         N/A       82%         4
 Passage of Golubria      Tloc           1%         N/A       90%         4
 Yara's Violent Unravell  Hex/Tmut       2%         3d3       99%         5


Dungeon Overview and Level Annotations

Branches:
Dungeon (8/15)             Bailey (visited)
 Temple: D:4-7         Lair: D:8-11

Altars:

Portals:
Ossuary: D:8

Annotations:
D:2 Sigmund
D:5 Menkaure
D:8 Grum


Innate Abilities, Weirdness & Mutations

You have temporarily grown beastly talons.
You have a pair of horns on your head.
Your demonic aura sometimes causes spilled blood to erupt in flames.
You sometimes gain a little power by taking damage.


Message History

Casting: Beastly Appendage (safe; 10% risk of failure)
Confirm with . or Enter, or press ? or * to list all spells.
You miscast Wereblood.
You are very lightly contaminated with residual magic.
Nothing appears to happen.
The goblin hits you with a +0 hand axe.
Unknown command.
You barely miss the goblin. You hit the goblin.
You kill the goblin!
The hobgoblin hits you with a +0 hand axe.
The human hits you with a +3 vorpal hand axe!
A hobgoblin comes into view. It is wielding a +0 hand axe.
There is an open door, spattered with blood here.
Things that are here:
a +0 hand axe; a +0 leather armour; a goblin corpse You are too injured to fight recklessly!
Unknown command.
Okay, then.
There is a gate leading back out of this place here.
Your magical contamination has completely faded away.
Welcome back to the Dungeon!
You hear the hiss of flowing sand.
There is an entrance to an ossuary on this level.
Hurry and find it before the portal is buried!
Level annotation: Grum You hear the slow hiss of an avalanche of sand.
The wolf bites you. The wolf bites you!
* * * LOW HITPOINT WARNING * * *
A wolf comes into view.
The wolf closely misses you. The wolf bites you but does no damage.
There is an empty arch of ancient stone, spattered with blood here.
You aren't carrying any scrolls.
Unknown command.
Your transformation is almost over.
The wolf misses you.
You see here a +0 hand axe.
The wolf bites you!
* * * LOW HITPOINT WARNING * * *
The wolf closely misses you. The wolf attacks as you move away!
The wolf bites you.
You die...

##...##..#.## ...#
##.###.....####...##. ##
#"# #....$......$... ..
#.# #...............
####.##.###...............
..................##......
####.....##...##.h........
####.....####)h).......
##........@h°)....∩.
#######.#..)..h....
#.#.....#...[ # #######
###


You could see 4 wolves.

Vanquished Creatures
  2 bullfrogs (Bailey)
  A hound (D:4)
  A jelly (D:5)
  An orc priest (D:4)
  Jessica (D:3)
  2 orc wizards (D:5)
  Robin (D:3)
  5 adders
  2 worms
  5 dart slugs
  14 orcs
  17 bats
  8 endoplasms
  A giant cockroach (D:4)
  20 goblins
  11 hobgoblins
  9 kobolds
  5 quokkas
  12 ball pythons
  7 frilled lizards
  4 rats
129 creatures vanquished.

Notes
Turn   | Place    | Note
-------+----------+-------------------------------------------
     0 | D:1      | ytrimaz the Demonspawn Transmuter began the quest for the
                  | Orb.
     0 | D:1      | Reached XP level 1. HP: 15/15 MP: 3/3
    48 | D:1      | Reached skill level 3 in Unarmed Combat
   376 | D:1      | Gained mutation: Your demonic aura sometimes causes spilled
                  | blood to erupt in flames. [demonic ancestry]
   376 | D:1      | Reached XP level 2. HP: 19/21 MP: 3/5
   394 | D:1      | Learned a level 2 spell: Wereblood
  1134 | D:1      | Reached XP level 3. HP: 24/26 MP: 4/6
  1138 | D:1      | Learned a level 3 spell: Spider Form
  1641 | D:2      | Found a faded altar of an unknown god.
  2013 | D:2      | Noticed Sigmund
  2075 | D:2      | Gained mutation: You sometimes gain a little power by
                  | taking damage. [demonic ancestry]
  2075 | D:2      | Reached XP level 4. HP: 31/32 MP: 7/7
  2519 | D:2      | Reached skill level 4 in Unarmed Combat
  2960 | D:3      | Noticed Jessica
  2964 | D:3      | Killed Jessica
  3142 | D:3      | Noticed Robin
  3171 | D:3      | Mutation became permanent: You have a pair of small horns
                  | on your head. [demonic ancestry]
  3171 | D:3      | Gained mutation: You have a pair of horns on your head.
                  | [demonic ancestry]
  3171 | D:3      | Reached XP level 5. HP: 33/37 MP: 4/8
  3173 | D:3      | Killed Robin
  3750 | D:4      | Reached skill level 5 in Unarmed Combat
  4076 | D:4      | Gained mutation: You have a pair of horns on your head.
                  | [demonic ancestry]
  4076 | D:4      | Reached XP level 6. HP: 17/44 MP: 7/9
  4146 | D:4      | Identified a scroll of acquirement
  4146 | D:4      | Acquired the ring "Jorytz" {rElec rC+ Dex+3 Stlth+}
  4156 | D:5      | Entered Level 5 of the Dungeon
  4156 | D:5      | Noticed Menkaure
  4291 | D:5      | You fall into a shaft and drop 3 floors!
  4301 | D:8      | Found a flagged portal.
  4309 | D:8      | Found a sand-covered staircase.
  4311 | D:8      | Noticed Grum
  4312 | Bailey   | Entered a bailey
  4344 | Bailey   | Noticed a human
  4356 | D:8      | HP: 2/44 [wolf[Grum] (10)]
  4357 | D:8      | Slain by a wolf

Illustrated notes

Levels and vault maps discovered:
D:1:      lightli_molten_gateway, layout_basic, serial_glass, glass_columns_c,
          glass_columns_b, glass_columns_c, glass_columns_a, glass_columns_a,
          glass_columns_c, minmay_pentomino_x4
D:2:      layout_loops_corners, hellmonk_ecumenical_altar_prayer_group,
          chequers_arboretum, uniq_sigmund
D:3:      layout_loops_cross, uniq_robin, uniq_jessica
D:4:      layout_rooms
D:5:      layout_loops_ring, nicolae_hepliaklqana_hippocampus,
          dilly_guarded_unrand_morg, uniq_eustachio, uniq_menkaure
D:8:      layout_loops_ring, lair_entry_dummy, enter_ossuary_1, enter_bailey_2,
          abandoned_shop, uniq_joseph, uniq_grum, uniq_pikel,
          uniq_prince_ribbit1, uniq_psyche, uniq_maggie

Skill      XL: |  1  2  3  4  5  6 |
---------------+-------------------+-----
Unarmed Combat | 3 4 5 |  5.9
Dodging        | 2 3 4 |  4.0
Fighting       | 2 |  2.2
Spellcasting   | |  2.0
Transmutations | |  1.7

Action                   |  1- 3 |  4- 6 || total
-------------------------+-------+-------++-------
Melee: Unarmed           |   121 |   186 ||   307
       Headbutt          |    12 |    25 ||    37
       Kick              |    17 |    27 ||    44
       Punch             |     3 |     6 ||     9
 Cast: Beastly Appendage |    31 |    39 ||    70
       Wereblood         |       |     5 ||     5
  Use: Scroll            |     2 |     5 ||     7
       Potion            |       |     1 ||     1
 Stab: Sleeping          |       |     1 ||     1
Armor: Robe              |    46 |    35 ||    81
       Skin              |       |    26 ||    26
Dodge: Dodged            |   111 |   136 ||   247

Table legend: (Time is in decaauts)
 A = Elapsed time spent in this place.
 B = Non-inter-level travel time spent in this place.
 C = Inter-level travel time spent in this place.
 D = Time resting spent in this place.
 E = Time spent auto-exploring this place.
 F = Levels seen in this place.
 G = Mean time per level.
                   A        B        C        D        E       F      G
               +--------+--------+--------+--------+--------+-----+--------+
         Total |   4334 |   4219 |    115 |     29 |   3275 |   7 |  619.1 |
       Dungeon |   4293 |   4178 |    115 |     21 |   3269 |   6 |  715.5 |
        Bailey |     41 |     41 |      0 |      8 |      6 |   1 |   41.0 |
               +--------+--------+--------+--------+--------+-----+--------+

Top non-repeatable levels by time:
     D:1: 1583 daAuts
     D:2: 1100 daAuts
     D:3: 930 daAuts
     D:4: 539 daAuts
     D:5: 115 daAuts
  Bailey: 41 daAuts
     D:8: 23 daAuts
